Match 34794650
Unlisted

Match 34794650
End
Construct Barracks
Selects Advanced Infantry Battlegroup
Riflemen Squad
Riflemen Squad
M1 Mortar Team
Engineer Squad
Selects Artillery Observers
Selects Convert to Ranger Squad
.30 cal Machine Gun
Grenade Package
Infantry Support Center
.30 cal Machine Gun
Selects Frontline Medical Station
Frontline Medical Station
Advanced Logistics
Engineer Squad
Construct Motor Pool
.30 cal Machine Gun
.30 cal Machine Gun
Selects M2A1 105mm Howitzer Emplacement
M1 Anti-tank Gun Team
.30 cal Machine Gun
Survival Training
Munitions Surplus
Selects 155mm Rapid Artillery Barrage
Riflemen Squad
Selects Ranger Weapon Training
Convert to Ranger Squad
Captain Retinue
Convert to Ranger Squad
Engineer Squad
Frontline Medical Station
155mm Rapid Artillery Barrage
Riflemen Squad
Convert to Ranger Squad
155mm Rapid Artillery Barrage
Engineer Squad
FullMetalDesa
Сheeser
HMMhy
Atomic Floyd
deadsadbadmad
Alessandro-9891
0
0

Comments sign in to comment!

No comments posted yet!